 Dungeon Crawl Stone Soup version 0.25-a0-558-g78a2afb0af (webtiles) character file.

Game seed: 1140810911930848091, levelgen mode: deterministic

81 Leibowitz the Sneak (level 4, 0/24 HPs)
             Began as a Kobold Enchanter on Feb 24, 2020.
             Was an Initiate of Sif Muna.
             Slain by a gnoll
             ... wielding a +0 spear
             ... created by the fury of Okawaru
              (2 damage)
             ... on level 3 of the Dungeon.
             The game lasted 00:09:24 (2653 turns).

Leibowitz the Sneak (Kobold Enchanter)              Turns: 2653, Time: 00:09:25

Health: 0/24       AC:  3    Str:  5    XL:     4   Next: 68%
Magic:  7/7        EV: 15    Int: 17    God:    Sif Muna [......]
Gold:   71         SH:  0    Dex: 15    Spells: 2/8 levels left

rFire    . . .     SeeInvis .   a - +0 dagger (venom)
rCold    + . .     Gourm    .   (shield restricted)
rNeg     . . .     Faith    .   b - +1 robe
rPois    .         Spirit   .   (no helmet)
rElec    .         Reflect  .   (no cloak)
rCorr    .         Harm     .   (no gloves)
MR       .....                  (no boots)
Stlth    +++.......             (no amulet)
HPRegen  0.08/turn              o - ring of protection from cold
MPRegen  0.10/turn              (no ring)

@: no status effects
A: small, carnivore
a: Renounce Religion


You were on level 3 of the Dungeon.
You worshipped Sif Muna.
Sif Muna was noncommittal.
You were completely stuffed.

You visited 1 branch of the dungeon, and saw 3 of its levels.

You collected 71 gold pieces.

Inventory:

Hand Weapons
 a - a +0 dagger of venom (weapon)
 g - a +1 dagger
Missiles
 h - a throwing net (quivered)
Armour
 b - a +1 robe (worn)
Jewellery
 o - a ring of protection from cold (left hand)
Scrolls
 i - 3 scrolls of identify
 l - a scroll of amnesia
Potions
 c - 2 potions of ambrosia {unknown}
 e - a potion of flight {unknown}
 f - a potion of berserk rage {unknown}
 k - 2 potions of invisibility
 m - a potion of curing {unknown}
 n - a potion of magic {unknown}
Comestibles
 d - 8 rations
 j - 2 chunks of flesh


   Skills:
 + Level 0.2 Fighting
 + Level 2.2 Short Blades
 + Level 2.6 Dodging
 + Level 5.8 Stealth
 + Level 2.5 Spellcasting
 + Level 3.4 Hexes


You had 2 spell levels left.
You knew the following spells:

 Your Spells              Type           Power        Failure   Level  Hunger
a - Corona                Hex            ##.....      4%          1    #......
b - Ensorcelled Hibernat  Hex/Ice        #.....       14%         2    ##.....
c - Confusing Touch       Hex            ##......     14%         3    ###....

Your spell library contained the following spells:

 Spells                   Type           Power        Failure   Level  Hunger
 Tukima's Dance           Hex            ##......     14%         3    ###....
 Dazzling Flash           Conj/Hex       #.....       26%         3    ###....


Dungeon Overview and Level Annotations

Branches:
Dungeon (3/15)

Altars:
Cheibriados
Fedhas
Nemelex Xobeh
Okawaru
Sif Muna
Uskayaw


Innate Abilities, Weirdness & Mutations

You are small and have problems with some larger weapons.
You are carnivorous and can eat meat at any time.


Message History

Found a ration and 11 stones.
The goblin shouts!
The adder hisses angrily.
You hear a shout! x2
A goblin comes into view.
An orc comes into view.
It is wielding a +1 falchion of draining.
An orc comes into view. It is wielding a +0 club.
A frilled lizard comes into view.
The adder completely misses you. The adder bites you but does no damage.
You closely miss the gnoll. The adder bites you. The adder misses you.
The gnoll sergeant completely misses you.
The gnoll hits you.
The gnoll shouts!
You hit the gnoll but do no damage.
The gnoll is poisoned.
The gnoll hits you from afar with a +0 spear!
The adder misses you.
You barely miss the gnoll. The gnoll hits you.
* * * LOW HITPOINT WARNING * * *
The gnoll sergeant closely misses you. The adder barely misses you.
The gnoll hits you from afar with a +0 spear.
You die...

#.###############
#..........gg....
.################.#########
# ......l..S@gg.....#
.###..##..g########.#
.................#.# ##
#....#.g..#####.#.#######
#..#....#.........
#.......#
.#.......#....#####
#.......#
......>..g........
#.g.....# ##...#g##########
#.......#
.......g.g........
#.......#


You could see a gnoll sergeant, 2 gnolls, an adder and a frilled lizard.

Vanquished Creatures
  An adder (D:2)
  4 dart slugs (D:1)
  A leopard gecko (D:1)
  4 orcs (D:3)
  2 giant cockroaches (D:1)
  10 goblins
  10 hobgoblins
  4 jackals (D:1)
  5 bats
  3 frilled lizards
  6 kobolds (D:1)
  5 rats
55 creatures vanquished.

Notes
Turn   | Place    | Note
-------+----------+-------------------------------------------
     0 | D:1      | Leibowitz the Kobold Enchanter began the quest for the Orb.
     0 | D:1      | Reached XP level 1. HP: 10/10 MP: 3/3
    52 | D:1      | Reached XP level 2. HP: 15/15 MP: 3/5
    81 | D:1      | Learned a level 2 spell: Ensorcelled Hibernation
   244 | D:1      | Reached XP level 3. HP: 16/19 MP: 6/6
   252 | D:1      | Learned a level 3 spell: Confusing Touch
   267 | D:1      | Reached skill level 5 in Stealth
   867 | D:1      | Reached XP level 4. HP: 23/24 MP: 3/7
  1466 | D:2      | Found an iron altar of Okawaru.
  1479 | D:2      | Became a worshipper of Warmaster Okawaru
  1638 | D:2      | Found a sparkling altar of Nemelex Xobeh.
  1639 | D:2      | Found a blossoming altar of Fedhas.
  1639 | D:2      | Found a snail-covered altar of Cheibriados.
  1639 | D:2      | Found a hide-covered altar of Uskayaw.
  1957 | D:2      | Found a shimmering blue altar of Sif Muna.
  1963 | D:2      | Fell from the grace of Okawaru
  1963 | D:2      | Became a worshipper of Sif Muna the Loreminder
  2489 | D:3      | Noticed a gnoll sergeant
  2653 | D:3      | Slain by a gnoll

Levels and vault maps discovered:
D:1:      mushboom_english_gardens, layout_loops_ring, minmay_quantized
D:2:      layout_basic, led_sif_pool,
          chequers_temple_overflow_statue_of_worship, lemuel_doored_altar
D:3:      layout_basic, uniq_crazy_yiuf_cottage

Skill      XL: |  1  2  3 |
---------------+----------+-----
Stealth        | 5 |  5.8
Short Blades   | 2 |  2.2
Fighting       | |  0.2
Dodging        | |  2.6
Spellcasting   | |  2.5
Hexes          | |  3.4

Action                   |  1- 3 |  4- 6 || total
-------------------------+-------+-------++-------
Melee: Dagger            |    87 |    52 ||   139
       Short sword       |       |    32 ||    32
 Cast: Corona            |     2 |       ||     2
       Ensorcelled Hiber |     1 |     1 ||     2
       Confusing Touch   |     5 |     4 ||     9
  Use: Scroll            |       |     8 ||     8
 Stab: Sleeping          |    19 |     6 ||    25
       Confused          |     3 |     2 ||     5
  Eat: Chunk             |     8 |     7 ||    15
Armor: Robe              |     5 |    12 ||    17
Dodge: Dodged            |    41 |    59 ||   100

Table legend:
 A = Non-vault XP
 B = Vault XP
 C = Vault XP percentage of total XP
 D = Non-vault monster count
 E = Vault monster count
 F = Vault count percentage of total count
                 A         B        C        D         E       F
            +---------+---------+-------+---------+---------+-------
      Total |     110 |       7 |   6.0 |      51 |       4 |   7.3
            +---------+---------+-------+---------+---------+-------
        D:1 |      69 |       7 |   9.2 |      36 |       4 |  10.0
        D:2 |      22 |       0 |   0.0 |       7 |       0 |   0.0
        D:3 |      19 |       0 |   0.0 |       8 |       0 |   0.0
            +---------+---------+-------+---------+---------+-------
